 Dungeon Crawl Stone Soup version 0.23.1 (webtiles) character file.

Game seed: 0

2404 1994 the Covert (level 9, 0/61 HPs)
             Began as a Vampire Assassin on Mar 8, 2019.
             Was a Follower of Dithmenos.
             Slain by a bullfrog (7 damage)
             ... on level 7 of the Dungeon.
             The game lasted 00:43:18 (12430 turns).

1994 the Covert (Vampire Assassin)                 Turns: 12430, Time: 00:43:19

Health: 0/61       AC:  4    Str: 15    XL:     9   Next: 23%
Magic:  9/9        EV: 16    Int: 14    God:    Dithmenos [*.....]
Gold:   311        SH:  0    Dex: 18    Spells: 8/8 levels left

rFire    . . .     SeeInvis +   a - +2 dagger
rCold    + . .     Gourm    .   (no shield)
rNeg     + + .     Faith    .   c - +1 robe
rPois    +         Spirit   .   (no helmet)
rElec    .         Reflect  .   d - +0 cloak
rCorr    .         Harm     .   (no gloves)
MR       .....                  (no boots)
Stlth    +++++++++.             l - amulet of regeneration
HPRegen  0.30/turn              y - ring of stealth
MPRegen  0.11/turn              u - +5 ring of strength

@: regenerating slowly, wreathed by umbra
A: fangs 3, see invisible, unbreathing
a: Bat Form, Renounce Religion


You were on level 7 of the Dungeon.
You worshipped Dithmenos.
Dithmenos was aware of your devotion.
You were very thirsty.

You visited 1 branch of the dungeon, and saw 7 of its levels.

You collected 311 gold pieces.

Inventory:

Hand Weapons
 a - a +2 dagger (weapon)
 b - a +0 blowgun
 n - a +0 rapier
 r - a +0 dagger of protection
 D - a +1 dagger of flaming
Missiles
 e - 38 poisoned needles
 f - 2 curare-tipped needles
Armour
 c - a +1 robe (worn)
 d - a +0 cloak (worn)
 q - a +0 leather armour
Jewellery
 l - an amulet of regeneration (around neck)
 t - an uncursed ring of protection from magic
 u - a +5 ring of strength (right hand)
 v - an uncursed amulet of guardian spirit
 y - a ring of stealth (left hand)
Wands
 s - a wand of polymorph (5)
Scrolls
 i - 5 scrolls of enchant armour
 j - 4 scrolls of remove curse {unknown}
 k - 2 scrolls of fog {unknown}
 m - 2 scrolls of magic mapping {unknown}
 w - 2 scrolls of enchant weapon {unknown}
 B - a scroll of identify
 C - 2 scrolls of amnesia {unknown}
 E - a scroll of teleportation
Potions
 g - 15 potions of blood
 h - 4 potions of brilliance
 o - 2 potions of flight
 p - 2 potions of lignification {unknown}
 x - 2 potions of heal wounds {unknown}
 z - a potion of haste {unknown}
 A - a potion of curing {unknown}


   Skills:
 + Level 2.1 Fighting
 + Level 6.5 Short Blades
 - Level 1.5 Throwing
 + Level 6.1 Dodging
 * Level 14.8 Stealth


You had 8 spell levels left.
You didn't know any spells.
Your spell library was empty.

Dungeon Overview and Level Annotations

Branches:
Dungeon (7/15)
 Temple: D:4-7

Altars:
Dithmenos
Fedhas
Gozag
Kikubaaqudgha
Makhleb
Qazlal
Ru
Sif Muna
Vehumet
Zin

Shops:
D:4 =*

Annotations:
D:4 1 runed translucent door, Jabberih's ghost, novice MfGl


Innate Abilities, Weirdness & Mutations

You heal slowly.
You have razor-sharp teeth.
You have supernaturally acute eyesight. (SInv)
You can survive without breathing.


Message History

The kobold closely misses you.
You hit the kobold.
You kill the kobold!
Dithmenos accepts your kill.
You hit the kobold.
You kill the kobold!
Dithmenos accepts your kill. The bullfrog hits you.
The bullfrog barely misses you. The kobold misses you. The bullfrog hits you.
* * * LOW HITPOINT WARNING * * *
You barely miss the kobold. The bullfrog misses you.
The kobold completely misses you. The bullfrog hits you.
* * * LOW HITPOINT WARNING * * *
The kobold hits you but does no damage. x2
You completely miss the kobold. The bullfrog hits you.
* * * LOW HITPOINT WARNING * * *
The kobold hits you but does no damage.
You closely miss the kobold. Your bite misses the kobold.
The bullfrog hits you!
You die...

#.... #..... #...#
...... #...#####......
#....##........
##............#
#.....†....... #......÷.
#..##().$.##...#........
#.. ##K...###...........
#.K #F@K.(..#......>...
#.K #..K..####.........
.. #.(....## #...#...# .
#..##...###........
#..#####.........<..
#..# #............ #..#
##.......#### #.)#
###..#### ##.. ####


You could see a bullfrog and 3 kobolds.

Vanquished Creatures
  Edmund (D:5)
  An orc warrior (D:6)
  3 sky beasts
  A necrophage (D:6)
  3 phantoms
  3 ogres
  2 centaurs
  A big kobold (D:7)
  3 bullfrogs
  3 scorpions
  2 howler monkeys (D:6)
  A crimson imp (D:5)
  2 orc wizards
  2 hounds
  A centaur skeleton (D:6)
  2 orc priests
  2 bullfrog skeletons
  An iguana (D:4)
  5 worker ants
  A worker ant zombie (D:5)
  4 adders
  A gnoll (D:2)
  A howler monkey skeleton (D:4)
  A shadow imp (D:6)
  2 oozes
  2 worms
  7 leopard geckos
  21 orcs
  3 ball pythons
  8 bats
  3 giant cockroaches
  8 hobgoblins
  3 jackals
  8 kobolds
  3 quokkas
  2 frilled lizards
  A giant cockroach zombie (D:5)
  5 goblins
  A leopard gecko skeleton (D:4)
  2 quokka skeletons
  11 rats
137 creatures vanquished.

Vanquished Creatures (others)
  A ball python (D:7)
1 creature vanquished.

Grand Total: 138 creatures vanquished

Notes
Turn   | Place    | Note
-------+----------+-------------------------------------------
     0 | D:1      | 1994 the Vampire Assassin began the quest for the Orb.
     0 | D:1      | Reached XP level 1. HP: 16/16 MP: 1/1
    26 | D:1      | Reached skill level 6 in Stealth
   354 | D:1      | Reached XP level 2. HP: 9/22 MP: 2/2
  1019 | D:2      | Noticed a bullfrog
  1033 | D:2      | Found a blossoming altar of Fedhas.
  1140 | D:2      | Found an ancient bone altar of Kikubaaqudgha.
  1146 | D:2      | Found an opulent altar of Gozag.
  1150 | D:2      | Found a stormy altar of Qazlal.
  1365 | D:3      | Reached XP level 3. HP: 27/27 MP: 3/3
  2344 | D:4      | Reached skill level 7 in Stealth
  2733 | D:3      | HP: 1/27 [orc/tomahawk of dispersal (3)]
  3563 | D:3      | Reached XP level 4. HP: 21/33 MP: 4/4
  4744 | D:3      | Reached skill level 8 in Stealth
  4866 | D:4      | Noticed an ogre
  4924 | D:4      | Found Zin's Purification Station.
  4926 | D:4      | Found a glowing silver altar of Zin.
  4938 | D:4      | Noticed a phantom
  4941 | D:4      | Noticed a phantom
  5227 | D:4      | Noticed Jabberih's ghost (novice MfGl)
  5229 | D:4      | Found a runed translucent door.
  5249 | D:4      | Reached XP level 5. HP: 38/38 MP: 5/5
  5374 | D:4      | Noticed a phantom
  5529 | D:4      | Found Lempurus's Jewellery Shop.
  5539 | D:4      | Found a radiant altar of Vehumet.
  6014 | D:4      | Noticed an ogre
  6060 | D:5      | Entered Level 5 of the Dungeon
  6091 | D:4      | Found a shadowy altar of Dithmenos.
  6099 | D:4      | Became a worshipper of Dithmenos the Shadowed
  6781 | D:5      | Noticed Edmund
  6851 | D:5      | Killed Edmund
  6851 | D:5      | Reached skill level 9 in Stealth
  6851 | D:5      | Reached XP level 6. HP: 44/44 MP: 6/6
  7258 | D:4      | Reached skill level 10 in Stealth
  7400 | D:4      | Found a deep blue altar of Sif Muna.
  8108 | D:5      | Reached XP level 7. HP: 37/49 MP: 7/7
  8615 | D:6      | Reached skill level 11 in Stealth
  8648 | D:6      | Found a burning altar of Makhleb.
  8814 | D:6      | Found a sacrificial altar of Ru.
  8986 | D:6      | Reached skill level 12 in Stealth
  9362 | D:5      | Reached XP level 8. HP: 24/55 MP: 8/8
  9502 | D:5      | Reached skill level 5 in Short Blades
  9526 | D:5      | Reached skill level 13 in Stealth
  9934 | D:4      | Reached skill level 5 in Dodging
 10424 | D:2      | Reached skill level 14 in Stealth
 10492 | D:2      | Reached * piety under Dithmenos
 11106 | D:6      | Reached XP level 9. HP: 48/61 MP: 9/9
 12134 | D:7      | Noticed a cyclops
 12430 | D:7      | Slain by a bullfrog

Skill      XL: |  1  2  3  4  5  6  7  8  9 |
---------------+----------------------------+-----
Stealth        | 6 7 8 9 10 12 14 | 14.8
Dodging        | 2 3 4 5 6 |  6.1
Short Blades   | 3 4 6 |  6.5
Fighting       | 2 |  2.1
Throwing       | |  1.5

Action                   |  1- 3 |  4- 6 |  7- 9 || total
-------------------------+-------+-------+-------++-------
Melee: Dagger            |   144 |   198 |   430 ||   772
       Bite              |    14 |    24 |    49 ||    87
       Rapier            |       |    17 |       ||    17
       Unarmed           |       |       |     1 ||     1
 Fire: Blowgun           |       |     6 |     1 ||     7
 Abil: End Transformatio |    13 |    29 |    33 ||    75
       Bat Form          |    13 |    29 |    33 ||    75
  Use: Potion            |     4 |     7 |     7 ||    18
       Scroll            |     3 |     2 |     2 ||     7
 Stab: Sleeping          |    12 |     9 |    22 ||    43
       Distracted        |       |     2 |     2 ||     4
Armor: Robe              |    39 |    35 |    41 ||   115
Dodge: Dodged            |    74 |   103 |   312 ||   489
